 Dungeon Crawl Stone Soup version 0.31-a0-175-g9f7f995f2b (webtiles) character file.

Game seed: 1556860804358414599

613 qw the Shooter (level 7, -2/66 HPs)
             Began as a Naga Hunter on June 17, 2023.
             Slain by a scorpion (5 damage)
             ... on level 4 of the Dungeon.
             The game lasted 00:01:10 (3002 turns).

qw the Shooter (Naga Hunter)                        Turns: 3002, Time: 00:01:11

Health: -2/66      AC:  3    Str: 13    XL:     7   Next: 44%
Magic:  7/7        EV: 10    Int: 10    God:
Gold:   108        SH:  0    Dex: 22    Spells: 6/6 levels left

rFire   . . .        f - +1 arbalest
rCold   . . .        (shield currently unavailable)
rNeg    . . .        c - +0 leather armour
rPois   +            (no helmet)
rElec   .            (no cloak)
rCorr   +            (no gloves)
SInv    +            (no barding)
Will    .....        (no amulet)
Stlth   ++           i - ring of resist corrosion
HPRegen 0.31/turn    e - +6 ring of dexterity
MPRegen 0.10/turn

%: no passive effects
@: short of breath, very slow
A: AC +2, large, see invisible, deformed body, poison resistance, slowness 2,
spit poison 1, naga tail 1
a: Spit Poison


You were on level 4 of the Dungeon.
You visited 1 branch of the dungeon, and saw 4 of its levels.

You collected 108 gold pieces.


Innate Abilities, Weirdness & Mutations

Your serpentine skin is tough. (AC +2)
You have supernaturally acute eyesight. (SInv)
Armour fits poorly on your strangely shaped body.
Your system is resistant to poisons. (rPois)
You cover ground very slowly.
You can spit poison.
You have a snake-like lower body.


   Skills:
 - Level 4.7 Fighting
 + Level 6.8 Ranged Weapons
 - Level 2.0 Dodging
 - Level 1.5 Stealth


You had 6 spell levels left.
You didn't know any spells.
Your spell library was empty.

Inventory:

Hand Weapons
 f - a +1 arbalest (weapon)
Armour
 c - a +0 leather armour (worn)
Jewellery
 e - a +6 ring of dexterity (right hand)
 i - a ring of resist corrosion (left hand)
Scrolls
 b - a scroll of identify
 d - a scroll of revelation {unknown}
Potions
 a - a potion of enlightenment
 g - 2 potions of heal wounds {unknown}
 h - a potion of haste {unknown}
 k - a potion of invisibility {unknown}
 l - a potion of curing {unknown}

Dungeon Overview and Level Annotations

Branches:
Dungeon (4/15)
 Temple: D:4-7

Altars:
Ru
Vehumet
Wu Jian
Zin

Annotations:
D:4 Natasha


Message History

The splash of poison hits the orc!
The orc is poisoned.
You kill the orc!
The ufetubus hits you but does no damage.
The ufetubus hits you.
A goblin comes into view. It is wielding a +0 dagger.
The orc hits you but does no damage.
You shoot a bolt. The goblin shouts!
The bolt hits the ufetubus!!
You kill the ufetubus!
The orc hits you with a +0 flail.
You shoot a bolt. The bolt hits the orc!
You kill the orc!
The endoplasm misses you.
A scorpion comes into view.
Natasha, Servant of Life and Death comes into view.
The endoplasm hits you but does no damage.
The scorpion moves out of view.
You shoot a bolt. The bolt hits the endoplasm!
You kill the endoplasm!
The orc hits you with a +0 falchion.
You shoot a bolt. The bolt hits the orc.
The orc is heavily wounded.
You have got your breath back.
The orc hits you with a +0 falchion.
3000 ||| INVOKING Spit Poison.
Aiming: Spit Poison (1% risk of failure)
Press: ? - help, Shift-Dir - straight line, f/p - orc The splash of poison misses the orc.
The splash of poison hits Natasha.
Natasha is moderately wounded.
The orc misses you. The goblin barely misses you.
You shoot a bolt.
The bolt hits the orc but does no damage.
The orc is heavily wounded.
The goblin barely misses you. The goblin closely misses you.
You shoot a bolt.
The bolt hits the scorpion but does no damage.
The scorpion barely misses you. The goblin closely misses you.
The scorpion stings you.
You die... ... >..#..# ... #..## #.###...# ........## ##.# #.....# #ho

#.....#
...#.##s####.....#
......g@...#.....###
....####...#.......#####
# #........%.....).
#%..########..... #...#
#####. #...# #..) #...#
#... ##### #... #...


You could see a scorpion, Natasha, an orc and a goblin.

Vanquished Creatures
  Sigmund (D:2)
  Menkaure (D:4)
  2 orc priests (D:4)
  A sleepcap (D:4)
  Jessica (D:3)
  An iguana (D:4)
  Terence (D:3)
  Natasha (D:4)
  3 gnolls (D:4)
  4 adders
  An ufetubus (D:4)
  A worm (D:2)
  A dart slug (D:4)
  7 orcs
  3 bats
  4 endoplasms
  3 giant cockroaches
  7 hobgoblins
  6 kobolds
  2 quokkas
  8 ball pythons
  A frilled lizard (D:2)
  16 goblins
  8 rats
84 creatures vanquished.

Notes
Turn   | Place    | Note
-------+----------+-------------------------------------------
     0 | D:1      | qw the Naga Hunter began the quest for the Orb.
     0 | D:1      | Reached XP level 1. HP: 19/19 MP: 1/1
     0 | D:1      | 0 ||| qw: Version: 0.3-a-2-g5ab2908
     0 | D:1      | 0 ||| qw: Game counter: 173
     0 | D:1      | 0 ||| qw: Always use a shield: true
     0 | D:1      | 0 ||| qw: God list: Okawaru
     0 | D:1      | 0 ||| qw: Allow faded altars: false
     0 | D:1      | 0 ||| qw: Do Orc after D:15 true
     0 | D:1      | 0 ||| qw: Do second Lair branch before Depths: true
     0 | D:1      | 0 ||| qw: Lair rune preference: random
     0 | D:1      | 0 ||| qw: Plans: Normal
     0 | D:1      | 0 ||| PLANNING D:1-11
    86 | D:1      | 86 ||| INVOKING Spit Poison.
   106 | D:1      | Found a faded altar of an unknown god.
   107 | D:1      | 107 ||| INVOKING Spit Poison.
   112 | D:1      | 112 ||| INVOKING Spit Poison.
   116 | D:1      | Reached skill level 4 in Ranged Weapons
   116 | D:1      | Reached XP level 2. HP: 26/26 MP: 2/2
   121 | D:1      | 121 ||| INVOKING Spit Poison.
   125 | D:1      | 125 ||| INVOKING Spit Poison.
   153 | D:1      | 153 ||| INVOKING Spit Poison.
   241 | D:1      | 241 ||| INVOKING Spit Poison.
   259 | D:1      | 259 ||| INVOKING Spit Poison.
   279 | D:1      | 279 ||| INVOKING Spit Poison.
   331 | D:1      | 331 ||| INVOKING Spit Poison.
   378 | D:1      | 378 ||| Stepping ~*~*~tactically~*~*~ (outnumbered).
   380 | D:1      | 380 ||| Stepping ~*~*~tactically~*~*~ (outnumbered).
   382 | D:1      | 382 ||| Stepping ~*~*~tactically~*~*~ (outnumbered).
   384 | D:1      | 384 ||| INVOKING Spit Poison.
   389 | D:1      | 389 ||| INVOKING Spit Poison.
   526 | D:1      | 526 ||| INVOKING Spit Poison.
   529 | D:1      | 529 ||| INVOKING Spit Poison.
   533 | D:1      | Reached XP level 3. HP: 17/32 MP: 3/3
   679 | D:1      | 679 ||| UPGRADING to ring of resist corrosion.
   680 | D:1      | 680 ||| READING scroll labelled ESHOHYWU EMUM.
   681 | D:1      | 681 ||| READING scroll labelled QATIUT TIHOGUJ.
   682 | D:1      | 682 ||| READING scroll labelled WUFEZO OCAH.
   683 | D:1      | 683 ||| READING scroll labelled OHIHAC ZEOTS.
   742 | D:1      | 742 ||| DRINKING 2 silvery potions.
   743 | D:1      | 743 ||| DROPPING scroll of butterflies.
   744 | D:1      | 744 ||| DROPPING potion of magic.
   912 | D:2      | 912 ||| INVOKING Spit Poison.
   917 | D:2      | 917 ||| INVOKING Spit Poison.
   952 | D:2      | 952 ||| INVOKING Spit Poison.
   991 | D:2      | 991 ||| INVOKING Spit Poison.
   994 | D:2      | Noticed Sigmund
   996 | D:2      | 996 ||| INVOKING Spit Poison.
  1002 | D:2      | 1002 ||| INVOKING Spit Poison.
  1009 | D:2      | 1009 ||| INVOKING Spit Poison.
  1009 | D:2      | Killed Sigmund
  1010 | D:2      | Reached skill level 6 in Ranged Weapons
  1010 | D:2      | Reached XP level 4. HP: 19/39 MP: 4/4
  1010 | D:2      | Reached XP level 5. HP: 22/45 MP: 5/5
  1124 | D:2      | 1124 ||| INVOKING Spit Poison.
  1318 | D:2      | Identified the staff of conjuration "Unyfri Kutez" {rElec
                  | rPois Stlth+}
  1358 | D:2      | 1358 ||| INVOKING Spit Poison.
  1451 | D:2      | 1451 ||| UPGRADING to +6 ring of dexterity.
  1452 | D:2      | 1452 ||| READING 2 scrolls labelled USCHECVIECOXORCH.
  1453 | D:2      | 1453 ||| READING scroll labelled XITAEDWUITA.
  1454 | D:2      | 1454 ||| READING scroll labelled ZORUSOTENO.
  1455 | D:2      | 1455 ||| DRINKING 2 bubbling golden potions.
  1559 | D:2      | 1559 ||| READING 2 scrolls of identify.
  1559 | D:2      | 1559 ||| IDENTIFYING fuming black potion
  1560 | D:2      | 1560 ||| DROPPING potion of berserk rage.
  1561 | D:2      | 1561 ||| DROPPING scroll of vulnerability.
  1562 | D:2      | 1562 ||| DROPPING potion of attraction.
  1607 | D:3      | 1607 ||| INVOKING Spit Poison.
  1608 | D:3      | Noticed Jessica
  1612 | D:3      | 1612 ||| INVOKING Spit Poison.
  1614 | D:3      | Killed Jessica
  1615 | D:3      | Reached XP level 6. HP: 51/55 MP: 6/6
  1680 | D:3      | 1680 ||| INVOKING Spit Poison.
  1717 | D:3      | 1717 ||| INVOKING Spit Poison.
  1728 | D:3      | 1728 ||| INVOKING Spit Poison.
  1731 | D:3      | 1731 ||| INVOKING Spit Poison.
  1750 | D:3      | Noticed Terence
  1751 | D:3      | 1751 ||| INVOKING Spit Poison.
  1757 | D:3      | 1757 ||| INVOKING Spit Poison.
  1761 | D:3      | 1761 ||| INVOKING Spit Poison.
  1766 | D:3      | 1766 ||| INVOKING Spit Poison.
  1766 | D:3      | HP: 10/55 [Terence/+0 hand axe (6)]
  1767 | D:3      | Killed Terence
  1768 | D:3      | Reached skill level 3 in Fighting
  1946 | D:3      | 1946 ||| INVOKING Spit Poison.
  1958 | D:3      | 1958 ||| INVOKING Spit Poison.
  2006 | D:3      | 2006 ||| INVOKING Spit Poison.
  2011 | D:3      | 2011 ||| INVOKING Spit Poison.
  2031 | D:3      | 2031 ||| INVOKING Spit Poison.
  2054 | D:3      | 2054 ||| INVOKING Spit Poison.
  2197 | D:3      | 2197 ||| INVOKING Spit Poison.
  2245 | D:3      | 2245 ||| INVOKING Spit Poison.
  2371 | D:3      | 2371 ||| READING scroll labelled WONIFO RITSIA.
  2374 | D:3      | 2374 ||| DRINKING 2 bubbling purple potions.
  2375 | D:3      | 2375 ||| READING 2 scrolls of identify.
  2375 | D:3      | 2375 ||| IDENTIFYING ruby potion
  2376 | D:3      | 2376 ||| DROPPING potion of ambrosia.
  2383 | D:4      | 2383 ||| PLANNING OSSUARY
  2395 | D:4      | 2395 ||| INVOKING Spit Poison.
  2401 | D:4      | 2401 ||| INVOKING Spit Poison.
  2489 | D:4      | 2489 ||| INVOKING Spit Poison.
  2495 | D:4      | 2495 ||| INVOKING Spit Poison.
  2496 | D:4      | 2496 ||| Stepping ~*~*~tactically~*~*~ (outnumbered).
  2498 | D:4      | 2498 ||| Stepping ~*~*~tactically~*~*~ (outnumbered).
  2500 | D:4      | 2500 ||| INVOKING Spit Poison.
  2505 | D:4      | 2505 ||| INVOKING Spit Poison.
  2510 | D:4      | HP: 13/56 [gnoll/+0 halberd (4)]
  2512 | D:4      | 2512 ||| INVOKING Spit Poison.
  2667 | D:4      | Found an ornate altar of the Wu Jian Council.
  2668 | D:4      | Found a sacrificial altar of Ru.
  2671 | D:4      | Noticed Menkaure
  2681 | D:4      | Killed Menkaure
  2682 | D:4      | Reached XP level 7. HP: 50/66 MP: 7/7
  2733 | D:4      | Found a radiant altar of Vehumet.
  2733 | D:4      | Found a glowing silver altar of Zin.
  2768 | D:4      | 2768 ||| INVOKING Spit Poison.
  2769 | D:4      | 2769 ||| INVOKING Spit Poison.
  2779 | D:4      | 2779 ||| INVOKING Spit Poison.
  2783 | D:4      | 2783 ||| INVOKING Spit Poison.
  2790 | D:4      | 2790 ||| INVOKING Spit Poison.
  2796 | D:4      | 2796 ||| INVOKING Spit Poison.
  2956 | D:4      | 2956 ||| SWAPPING to +0 arbalest.
  2957 | D:4      | 2957 ||| DROPPING +1 shortbow.
  2958 | D:4      | 2958 ||| READING scroll of enchant weapon.
  2958 | D:4      | 2958 ||| ENCHANTING +0 arbalest.
  2980 | D:4      | 2980 ||| INVOKING Spit Poison.
  2983 | D:4      | Noticed Natasha
  2985 | D:4      | 2985 ||| INVOKING Spit Poison.
  2990 | D:4      | 2990 ||| INVOKING Spit Poison.
  2993 | D:4      | Killed Natasha
  2993 | D:4      | HP: 16/66 [orc/+0 hand axe (2)]
  2994 | D:4      | 2994 ||| RIP OSSUARY
  2995 | D:4      | 2995 ||| PLANNING D:1-11
  2995 | D:4      | 2995 ||| INVOKING Spit Poison.
  2997 | D:4      | Noticed Natasha
  2998 | D:4      | HP: 4/66 [orc/+0 falchion (5)]
  2999 | D:4      | HP: 1/66 [orc/+0 falchion (3)]
  3000 | D:4      | 3000 ||| INVOKING Spit Poison.
  3002 | D:4      | Slain by a scorpion

Levels and vault maps discovered:
D:1:      wander_arrival_peaceful_grave, layout_basic,
          hellmonk_ecumenical_altar_arch_garden, minmay_misc_feat_square
D:2:      layout_basic, uniq_sigmund
D:3:      layout_basic, grunt_ministairs_6, kennysheep_path_1, uniq_robin,
          uniq_jessica, uniq_terence
D:4:      layout_basic, grunt_temple_overflow_open, enter_ossuary_4,
          st_stairs_3, uniq_crazy_yiuf_cottage, uniq_natasha, uniq_menkaure

Skill      XL: |  1  2  3  4  5  6 |
---------------+-------------------+-----
Ranged Weapons | 4 6 |  6.8
Fighting       | 4 |  4.7
Dodging        | 2 |  2.0
Stealth        | |  1.5

Action                     |  1- 3 |  4- 6 |  7- 9 || total
---------------------------+-------+-------+-------++-------
   Fire: Shortbow          |    66 |    81 |    31 ||   178
         Arbalest          |       |       |    19 ||    19
Ability: Spit Poison       |    21 |    27 |    10 ||    58
    Use: Scroll            |     4 |     6 |     1 ||    11
         Potion            |     1 |     2 |       ||     3
 Armour: Leather armour    |     3 |     3 |     8 ||    14
  Dodge: Dodged            |    16 |    21 |    34 ||    71

Table legend:
 A = Non-vault XP
 B = Vault XP
 C = Vault XP percentage of total XP
 D = Non-vault monster count
 E = Vault monster count
 F = Vault count percentage of total count
                 A         B        C        D         E       F
            +---------+---------+-------+---------+---------+-------
      Total |     336 |     541 |  61.7 |      70 |      14 |  16.7
            +---------+---------+-------+---------+---------+-------
        D:1 |      36 |       0 |   0.0 |      22 |       0 |   0.0
        D:2 |      33 |     214 |  86.6 |      11 |       1 |   8.3
        D:3 |      38 |      89 |  70.1 |      15 |      10 |  40.0
        D:4 |     229 |     238 |  51.0 |      22 |       3 |  12.0
            +---------+---------+-------+---------+---------+-------
